 Dungeon Crawl Stone Soup version 0.30.1-9-gdf580d7c3d (webtiles) character file.

Game seed: 12719935529764798363

34 booth the Chopper (level 3, -1/33 HPs)
             Began as a Hill Orc Monk on Sept 27, 2023.
             Slain by Natasha (7 damage)
             ... on level 2 of the Dungeon on Sept 28, 2023.
             The game lasted 00:06:28 (1042 turns).

booth the Chopper (Hill Orc Monk)                   Turns: 1042, Time: 00:06:29

Health: -1/33      AC:  4    Str: 15    XL:     3   Next: 31%
Magic:  3/3        EV: 12    Int: 10    God:
Gold:   42         SH:  0    Dex: 13    Spells: 2/2 levels left

rFire   . . .        a - +0 hand axe
rCold   . . .        d - orb {light}
rNeg    . . .        m - +0 leather armour
rPois   .            (no helmet)
rElec   .            n - +0 cloak
rCorr   .            (no gloves)
SInv    .            (no boots)
Will    .....        (no amulet)
Stlth   +            (no ring)
HPRegen 0.25/turn    (no ring)
MPRegen 0.08/turn

%: no passive effects
@: glowing
A: no striking features
a: no special abilities


You were on level 2 of the Dungeon.
You visited 1 branch of the dungeon, and saw 2 of its levels.

You collected 98 gold pieces.
You spent 56 gold pieces at shops.

Inventory:

Hand Weapons
 a - a +0 hand axe (weapon)
Armour
 d - an orb of light (worn)
 m - a +0 leather armour (worn)
 n - a +0 cloak (worn)
Jewellery
 g - a ring of magical power
Scrolls
 j - a scroll of torment {unknown}
 k - a scroll of vulnerability {unknown}
Potions
 b - a potion of berserk rage {unknown}
 c - a potion of ambrosia
 e - a potion of mutation {unknown}
 f - 3 potions of attraction
 h - a potion of brilliance
 i - a potion of cancellation
 l - 2 potions of lignification {unknown}


   Skills:
 + Level 4.0 Fighting
 * Level 4.7 Axes
 + Level 2.7 Dodging
 + Level 1.1 Invocations


You had 2 spell levels left.
You didn't know any spells.
Your spell library was empty.

Dungeon Overview and Level Annotations

Branches:
Dungeon (2/15)

Altars:
Cheibriados

Shops:
D:1 ?

Annotations:
D:2 Natasha


Message History

You see here a ball python corpse.
You hit Natasha.
Natasha is moderately wounded.
You hit the cerulean imp.
The cerulean imp hits you from afar with a +0 spear.
Natasha barely misses you.
The cerulean imp hits you but does no damage.
You hit Natasha but do no damage.
Natasha is moderately wounded.
You hit the cerulean imp.
The cerulean imp hits you from afar with a +0 spear.
Natasha casts a spell.
The cerulean imp closely misses you.
You hit Natasha.
Natasha is heavily wounded.
You hit the cerulean imp.
The cerulean imp hits you from afar with a +0 spear.
Natasha barely misses you. The cerulean imp barely misses you.
The cerulean imp hits you but does no damage.
You hit Natasha.
Natasha is almost dead.
You hit the cerulean imp.
You kill the cerulean imp!
The cerulean imp disappears in a puff of smoke!
The cerulean imp barely misses you. Natasha barely misses you.
The cerulean imp hits you from afar with a +0 spear.
You hit Natasha but do no damage.
Natasha is almost dead.
The cerulean imp barely misses you. Natasha claws you.
The cerulean imp hits you from afar with a +0 spear.
* * * LOW HITPOINT WARNING * * *
You hit Natasha.
Natasha is almost dead.
The cerulean imp barely misses you. Natasha completely misses you.
The cerulean imp hits you from afar with a +0 spear.
* * * LOW HITPOINT WARNING * * *
You closely miss Natasha.
Natasha is almost dead.
The cerulean imp barely misses you. Natasha claws you!
You die...

.......########### ######.##
..................... .........
###.###.......>.....#####...#....
#.##................. .......#. #
#.##...............# ....#..#.
###.##...............##.#.......#
.##.##.................. #.....
..............5......# #....#
......#.........@....# #.....
.#....##.....#.=h....# #.....
.#....#########.5...).######.....
.#....# #...###............
.#....#########..... ...........
##................### ####..#..[
#.†...#####....#.# #.....#...
#........##...##.. ####.........
#....##.....>...##.#....._..#...


You could see Natasha and 2 cerulean imps.

Vanquished Creatures
  An adder (D:2)
  A dart slug (D:2)
  An endoplasm (D:2)
  2 giant cockroaches
  2 hobgoblins
  A kobold (D:2)
  3 quokkas (D:1)
  4 ball pythons
  2 bats (D:2)
  3 goblins
  3 rats (D:1)
23 creatures vanquished.

Notes
Turn   | Place    | Note
-------+----------+-------------------------------------------
     0 | D:1      | booth the Hill Orc Monk began the quest for the Orb.
     0 | D:1      | Reached XP level 1. HP: 19/19 MP: 1/1
   177 | D:1      | Reached XP level 2. HP: 27/27 MP: 2/2
   230 | D:1      | Found a faded altar of an unknown god.
   681 | D:1      | Found Ugasoera's Magic Scroll Shop.
   686 | D:1      | Bought a scroll of identify for 28 gold pieces
   686 | D:1      | Bought a scroll of identify for 28 gold pieces
   829 | D:2      | Found a snail-covered altar of Cheibriados.
   941 | D:2      | Reached skill level 1 in Invocations
   941 | D:2      | Reached XP level 3. HP: 33/33 MP: 3/3
  1029 | D:2      | Noticed Natasha
  1042 | D:2      | Slain by Natasha

Illustrated notes

Levels and vault maps discovered:
D:1:      dpeg_arrival_ternary, layout_loops_ring, serial_shops, shop,
          basic_ecumenical_altar
D:2:      layout_rooms, basic_altar, uniq_crazy_yiuf_cottage, uniq_natasha

Skill      XL: |  1  2 |
---------------+-------+-----
Fighting       | 4 |  4.0
Invocations    | 1 |  1.1
Axes           | |  4.7
Dodging        | |  2.7

Action                     || total
---------------------------++-------
  Melee: Hand axe          ||    87
    Use: Scroll            ||     4
 Armour: Robe              ||     5
         Leather armour    ||    15
  Dodge: Dodged            ||    69
